 Dungeon Crawl Stone Soup version bcrawl-1.27.6 (webtiles) character file.

Game seed: 5418190502049919823

172046 Faustar the Skirmisher (level 4, -2/45 HPs)
             Began as a Gargoyle Berserker on Sept 18, 2020.
             Was a Believer of Trog.
             Slain by an orc priest (3 damage)
             ... on level 3 of the Dungeon.
             The game lasted 00:02:34 (1324 turns).

Faustar the Skirmisher (Gargoyle Berserker)         Turns: 1324, Time: 00:02:34

Health: -2/45      AC:  5    Str: 26    XL:     4   Next: 72%
Magic:  4/4        EV: 12    Int:  8    God:    Trog [**....]
Gold:   70         SH:  0    Dex:  9    Spells: 3/3 levels left

rFire    . . .     SeeInvis .   a - +0 mace
rCold    . . .     Gourm    .   (no shield)
rNeg     + . .     Faith    .   b - +0 animal skin
rPois    ∞         Spirit   .   (no helmet)
rElec    +         Reflect  .   (no cloak)
rCorr    .         Harm     .   (no gloves)
MR       .....                  (no boots)
Stlth    ..........             (no amulet)
HPRegen  0.15/turn              (no ring)
MPRegen  0.09/turn              (no ring)

@: berserking (expiring), very quick
A: negative energy resistance 1, electricity resistance, unbreathing,
petrification resistance, rot immunity, AC +3
a: Berserk, Trog's Hand, Renounce Religion


You were on level 3 of the Dungeon.
You worshipped Trog.
Trog was pleased with you.
You were hungry.

You visited 1 branch of the dungeon, and saw 3 of its levels.

You collected 70 gold pieces.

Inventory:

Hand Weapons
 a - a +0 mace (weapon)
Armour
 b - a +0 animal skin (worn)
Scrolls
 c - 6 scrolls of identify
 f - a scroll of enchant armour {unknown}
 g - a scroll of fog {unknown}
 h - 2 scrolls of magic mapping {unknown}
 j - 2 scrolls of remove curse {unknown}
Potions
 d - a potion of magic {unknown}
 i - a potion of lignification {unknown}
Comestibles
 e - 4 rations {!d}


   Skills:
 + Level 4.7 Fighting
 + Level 4.3 Maces & Flails
 - Level 2.1 Armour
 - Level 1.5 Dodging


You had 3 spell levels left.
You didn't know any spells.
Your spell library was empty.

Dungeon Overview and Level Annotations

Branches:
Dungeon (3/12)

Altars:
Gozag
Lugonu


Innate Abilities, Weirdness & Mutations

You are resistant to torment.
Your stone body is resilient. (AC +3)
You are immune to poison.
You resist negative energy. (rN+)
You are resistant to electric shocks. (rElec)
You can survive without breathing.
You are immune to petrification.
You are immune to rotting.


Message History

Beogh smites you! The orc misses you. The orc hits you but does no damage.
You sock the orc!
You kill the orc!
Trog accepts your kill.
The orc hits you with a +0 vampiric whip.
* * * LOW HITPOINT WARNING * * *
The orc priest mumbles some strange prayers to Beogh against you.
Beogh smites you!
* * * LOW HITPOINT WARNING * * *
You thump the orc!
You kill the orc!
Trog accepts your kill.
Found a stone staircase leading down.
Things that are here:
a +0 vampiric whip; a +0 ring mail You feel a strong urge to attack something.
You thump the orc priest!
The orc priest is almost dead.
The orc priest hits you.
You die...

...#.... ....#..#.
..##.... ..>.#
.#.##.#[.... ####.#.#
...#.#.##<#
....#.##.#..#.#.....
..>.... #..#.#.....
....# #..#.#.....
#o..####..........
#@.....#..........
####))###.#..........
#...)................
+...†...#.##÷#.#.....
........#.#.#..#.#.....
######...#.#.#..#.#...#.
.....#...#.#.#.##.#.#.##
....!#.#.#.#.#.##.# ..
.##."#...#.#....#.###.#.


You could see an orc priest.

Vanquished Creatures
  A worker ant (D:2)
  An adder (D:2)
  An ooze (D:1)
  2 dart slugs
  2 worms (D:2)
  2 leopard geckos (D:1)
  3 orcs (D:3)
  2 bats (D:1)
  2 giant cockroaches (D:1)
  4 goblins
  6 hobgoblins
  4 jackals (D:1)
  A ball python (D:3)
  5 frilled lizards
  9 kobolds
  4 rats
49 creatures vanquished.

Notes
Turn   | Place    | Note
-------+----------+-------------------------------------------
     0 | D:1      | Faustar the Gargoyle Berserker began the quest for the Orb.
     0 | D:1      | Reached XP level 1. HP: 14/14 MP: 1/1
    86 | D:1      | Reached XP level 2. HP: 16/19 MP: 2/2
   389 | D:1      | Reached XP level 3. HP: 21/24 MP: 3/3
   715 | D:2      | Reached ** piety under Trog
   756 | D:2      | Found an opulent altar of Gozag.
   756 | D:2      | Found a corrupted altar of Lugonu.
   917 | D:2      | Reached XP level 4. HP: 19/30 MP: 4/4
  1320 | D:3      | HP: 1/45 [orc priest/divine providence (10)]
  1324 | D:3      | Slain by an orc priest

Skill      XL: |  1  2  3  4 |
---------------+-------------+-----
Fighting       | 4 |  4.7
Maces & Flails | 4 |  4.3
Armour         | |  2.1
Dodging        | |  1.5

Action                   |  1- 3 |  4- 6 || total
-------------------------+-------+-------++-------
Melee: Mace              |    93 |    58 ||   151
Invok: Berserk           |     2 |     1 ||     3
  Eat: Chunk             |     3 |     4 ||     7
Armor: Animal skin       |    36 |    16 ||    52
Dodge: Dodged            |    88 |    53 ||   141
